 Dungeon Crawl Stone Soup version 0.31.0-10-gcf4a605ca0 (webtiles) character file.

Game seed: 5750892994033277158

196274 SnakkuSnakku7 the Brawler (level 18, -4/166 HPs)
             Began as a Ghoul Summoner on Jan 26, 2024.
             Was a Believer of Uskayaw.
             Shot with an arrow by a deep elf archer (21 damage)
             ... on level 3 of the Elven Halls.
             The game lasted 00:46:48 (26602 turns).

SnakkuSnakku7 the Brawler (Ghoul Summoner)         Turns: 26602, Time: 00:46:49

Health: -4/166     AC: 22    Str: 20    XL:     18   Next: 81%
Magic:  32/32      EV: 16    Int: 14    God:    Uskayaw [**....]
Gold:   3785       SH:  5    Dex: 12    Spells: 20/20 levels left

rFire   + .          .
                       - Unarmed
rCold   + . .        F - +0 buckler
rNeg    + + +        Q - +3 chain mail {rF+}
rPois   ∞            J - +2 hood of the Assassin {Detect Stab+ Stlth++}
rElec   +            (no cloak)
rCorr   .            Z - +2 pair of gloves {Dex+3}
SInv    .            O - +1 pair of boots of the Dungeon {rElec rN+++ Will- Slay+6}
Will    .....        n - amulet of regeneration
Stlth   +            A - +4 ring of slaying
HPRegen 0.00/turn    M - +5 ring of evasion
MPRegen 0.23/turn

%: no passive effects
@: inhibited regen, slowed, studying Polearms, very slow
A: claws 1, cold resistance 1, negative energy resistance 3, inhibited
regeneration, torment resistance 2, devour on kill
a: Renounce Religion, Stomp, Line Pass


You were on level 3 of the Elven Halls.
You worshipped Uskayaw.
Uskayaw was greatly pleased with you.
You visited 5 branches of the dungeon, and saw 26 of its levels.
You visited the Abyss 2 times.
You also visited: Sewer, Ossuary and Gauntlet.

You collected 4662 gold pieces.
You spent 877 gold pieces at shops.

Inventory:

Missiles
 w - 6 curare-tipped darts
Armour
 F - a +0 buckler (worn)
 J - the +2 hood of the Assassin (worn) {Detect Stab+ Stlth++}
   (You found it in a Gauntlet)

   Detect:    It allows the wearer to sense nearby creatures.
   Stab+:     It allows the wearer to make particularly effective stabbing
   attacks against helpless or unaware enemies with any weapon.
   Stlth++:   It makes you much more stealthy.
 O - the +1 pair of boots of the Dungeon (worn) {rElec rN+++ Will- Slay+6}
   (You found it in a Gauntlet)

   Slay+6:    It affects your accuracy & damage with ranged weapons and melee
   (+6).
   rElec:     It insulates you from electricity.
   rN+++:     It renders you almost immune to negative energy.
   Will-:     It decreases your willpower.
 Q - a +3 chain mail of fire resistance (worn)
 Z - a +2 pair of gloves of dexterity (worn)
Jewellery
 a - a ring of protection from cold
 d - a ring of protection from fire
 i - the ring of the Good {Str+6 Stlth+}
   (You found it on level 2 of the Dungeon)

   [ring of strength]

   Str+6:     It affects your strength (+6).
   Stlth+:    It makes you more stealthy.
 m - a ring of resist corrosion
 n - an amulet of regeneration (around neck)
 A - a +4 ring of slaying (left hand)
 K - a ring of see invisible
 M - a +5 ring of evasion (right hand)
 Y - a +4 ring of protection
Wands
 g - a wand of digging (4)
 y - a wand of roots (8)
 E - a wand of polymorph (5)
 G - a wand of flame (45)
 H - a wand of mindburst (23)
 L - a wand of quicksilver (16)
 V - a wand of paralysis (5)
Scrolls
 e - 3 scrolls of teleportation
 h - 3 scrolls of blinking
 j - 2 scrolls of butterflies
 l - a scroll of silence
 o - a scroll of poison
 q - 6 scrolls of immolation
 r - 5 scrolls of fog
 u - 2 scrolls of fear
 v - 4 scrolls of revelation
 P - 3 scrolls of enchant armour
 R - 4 scrolls of identify
 X - a scroll of vulnerability
Potions
 b - a potion of magic
 c - 5 potions of brilliance
 f - 10 potions of enlightenment
 k - 4 potions of haste
 p - 7 potions of might
 s - 2 potions of attraction
 x - 3 potions of heal wounds
 z - 5 potions of curing
 B - 3 potions of invisibility
 C - 3 potions of resistance
 D - 8 potions of ambrosia
 N - 2 potions of cancellation
Miscellaneous
 t - a lightning rod (4/4)
 I - a tin of tremorstones (2/2)
 T - a phantom mirror
 U - a box of beasts


   Skills:
 + Level 15.9 Fighting
 - Level 10.0 Armour
 - Level 10.0 Dodging
 - Level 2.1 Stealth
 - Level 5.0 Shields
 - Level 20.0 Unarmed Combat
 - Level 1.7 Spellcasting
 - Level 3.6 Summonings
 - Level 20.0 Invocations


You had 20 spell levels left.
You didn't know any spells.
Your spell library contained the following spells:

 Spells                   Type           Power      Damage    Failure   Level
 Summon Small Mammal      Summ           44%        N/A       36%         1
 Call Imp                 Summ           22%        N/A       50%         2
 Call Canine Familiar     Summ           11%        N/A       75%         3
 Freeze                   Ice            4%         1d3       86%         1
 Shock                    Conj/Air       4%         1d3       86%         1
 Mercury Vapours          Alch/Air       2%         N/A       94%         2
 Summon Ice Beast         Ice/Summ       6%         N/A       94%         3
 Dazzling Flash           Conj/Hex       2%         N/A       99%         3
 Frozen Ramparts          Ice            2%         1d1       99%         3
 Hailstorm                Conj/Ice       1%         3d5       99%         3
 Mephitic Cloud           Conj/Alch/Air  1%         N/A       99%         3
 Stone Arrow              Conj/Erth      2%         3d7       99%         3
 Swiftness                Air            1%         N/A       99%         3
 Airstrike                Air            0%         2d(1-17)  100%        4
 Animate Armour           Summ/Erth      12%        N/A       100%        4
 Cause Fear               Hex            0%         N/A       100%        4
 Leda's Liquefaction      Alch/Erth      0%         N/A       100%        4
 Manifold Assault         Tloc           1%         N/A       100%        4
 Petrify                  Alch/Erth      1%         N/A       100%        4
 Summon Blazeheart Golem  Fire/Summ      6%         N/A       100%        4
 Summon Lightning Spire   Summ/Air       6%         N/A       100%        4
 Alistair's Intoxication  Alch           0%         N/A       100%        5
 Borgnjor's Vile Clutch   Necr/Erth      0%         N/A       100%        5
 Fireball                 Conj/Fire      0%         3d3       100%        5
 Freezing Cloud           Conj/Ice/Air   0%         6-21      100%        5
 Irradiate                Conj/Alch      0%         3d11      100%        5
 Lee's Rapid Deconstruct  Erth           0%         3d4*      100%        5
 Summon Forest            Summ/Tloc      3%         N/A       100%        5
 Summon Mana Viper        Hex/Summ       6%         N/A       100%        5
 Yara's Violent Unravell  Hex/Alch       0%         3d3       100%        5
 Bombard                  Conj/Erth      0%         9d1       100%        6
 Conjure Ball Lightning   Conj/Air       0%         3x3d6     100%        6
 Dispersal                Tloc           0%         N/A       100%        6
 Eringya's Noxious Bog    Alch           0%         4d6       100%        6
 Sculpt Simulacrum        Ice/Alch       0%         N/A       100%        6
 Summon Cactus Giant      Summ           5%         N/A       100%        6
 Enfeeble                 Hex            0%         N/A       100%        7
 Monstrous Menagerie      Summ           5%         N/A       100%        7
 Discord                  Hex            0%         N/A       100%        8
 Disjunction              Tloc           0%         N/A       100%        8
 Lehudib's Crystal Spear  Conj/Erth      0%         10d2      100%        8
 Dragon's Call            Summ           5%         N/A       100%        9
 Sublimation of Blood     Necr           Unusable   N/A       N/A         2

Dungeon Overview and Level Annotations

Branches:
Dungeon (15/15)            Temple (1/1) D:5            Lair (5/5) D:9
 Shoals (0/4) Lair:3        Snake (0/4) Lair:3        Slime (0/5) Lair:5
    Orc (2/2) D:11            Elf (3/3) Orc:2        Vaults (0/5) D:14
 Depths (0/4) D:15          Sewer (visited)         Ossuary (visited)
Gauntlet (visited)

Altars:
Ashenzari
Cheibriados
Dithmenos
Fedhas
Gozag
Hepliaklqana
Kikubaaqudgha
Makhleb
Nemelex Xobeh
Okawaru
Qazlal
Ru
Sif Muna
Trog
Uskayaw
Vehumet
Wu Jian
Xom
Yredelemnul
Jiyva

Shops:
D:2 [   D:7 *=   D:11 =   D:15 (   Orc:2 *((   Elf:1 ?   Elf:3 *

Annotations:
Lair:1 exclusion: oklob plant


Innate Abilities, Weirdness & Mutations

You are immune to poison.
You have sharp fingernails.
Your flesh is cold resistant. (rC+)
You are immune to negative energy. (rN+++)
You do not regenerate when monsters are visible.
You are immune to unholy pain and torment.
You thrive by killing the living.


Message History

You can now pass through a line of other dancers.
You closely miss the fire dragon.
The fire dragon is severely wounded.
The fire dragon bites you but does no damage.
The fire dragon claws you.
The fire dragon tramples you but does no damage.
The deep elf archer gestures wildly while chanting.
The deep elf archer blinks!
The deep elf archer shoots an arrow.
The arrow hits you!!
* * * LOW HITPOINT WARNING * * *
You hit the fire dragon.
The fire dragon is almost dead.
The fire dragon bites you.
* * * LOW HITPOINT WARNING * * *
The fire dragon closely misses you. The fire dragon completely misses you.
Unknown command.
You punch the fire dragon!
The fire dragon is almost dead.
The fire dragon misses you. The fire dragon closely misses you. x2
The deep elf archer shoots an arrow.
The arrow hits you!!
* * * LOW HITPOINT WARNING * * *
Unknown command.
You pummel the fire dragon!!
You kill the fire dragon!
The fire dragon scales are intact enough to wear.
The deep elf archer shoots an arrow.
The arrow hits you!
* * * LOW HITPOINT WARNING * * *
The deep elf archer shoots an arrow.
The arrow hits you.
* * * LOW HITPOINT WARNING * * *
As you read the scroll of fear, it crumbles to dust.
You assume a fearsome visage.
The deep elf archer resists with some effort.
The deep elf archer looks frightened!
The deep elf archer casts a spell.
The deep elf archer blinks!
You feel much better.
The deep elf archer shoots an arrow.
The arrow hits you!
* * * LOW HITPOINT WARNING * * *
The deep elf archer shoots an arrow.
The arrow misses you.
The deep elf archer shoots an arrow.
The arrow hits you!!
You die...

*,,,*#...............##.# #...##
,,,,*#.........##.......# #...#*
+**,*#.........##.#####.####..)##
,,*,,............## ##.........
,,+,*#..../....#.# #..)...!..
,,*,*#..........## ##........
+**,,#.......$..# #.##...##
,,,,,#......e...## ##.#...[.#
*,**,...........@# #..#.....#
,,,,,.#####.#.#.$## ##..#[....#
,,,,,,**###.#.#.#†#####.#.##...##
,,,,,,*,E.......#.e[..........[..
,,,,,,*,##'##.###.......#.##...##
,,,,,,,,#...#.#..§.........#e####
,,,,,,,,'...'.#....###....#..##..
,,,,,,,,#...#.#...## ##.).##e...#
,,,,,,*,##'##.#...# #...#<.####


You could see 2 deep elf archers.

Vanquished Creatures
  Rupert (D:13)
  Jorgrun (Elf:2)
  A lich (Abyss:2)
  A deep elf blademaster (Elf:3)
  2 deep elf master archers (Elf:3)
  3 sphinxes (Elf:3)
  3 tentacled starspawn
  A balrug (Gauntlet)
  4 deep elf sorcerers
  5 deep elf elementalists
  An angel (Abyss:3)
  A cacodemon (Abyss:2)
  An ironbound thunderhulk (D:14)
  2 deep elf death magi (Elf:3)
  A minotaur (Gauntlet)
  6 deep elf demonologists
  A bunyip (Abyss:3)
  9 deep elf annihilators
  7 deep elf high priests
  4 fire dragons
  The ghost of Dekkoka the Severer, a journeyman HOEE of Gozag (Lair:2)
  Fannar (Lair:3)
  10 hydras
  A rakshasa (D:14)
  A vault guard (D:14)
  2 ice dragons (D:15)
  A hell beast (Elf:3)
  4 centaur warriors (D:13)
  4 ogre magi (Orc:2)
  7 two-headed ogres
  A naga warrior (Abyss:3)
  28 dancing weapons
  5 death yaks (Lair:5)
  5 orc high priests (Orc:2)
  4 occultists (D:13)
  Sonja (D:11)
  2 wretched stars (Abyss:3)
  3 sixfirhies (Abyss:2)
  18 deep elf knights
  6 skysharks
  Nergalle (Lair:1)
  A spatial maelstrom (Abyss:3)
  10 deep elf archers
  2 large abominations
  A glowing orange brain (Abyss:3)
  An orb spider (Abyss:3)
  3 arcanists (D:13)
  21 deep elf pyromancers
  An obsidian statue (D:13)
  8 orc knights
  18 deep elf zephyrmancers
  A harpy (Elf:3)
  A necromancer (Gauntlet)
  2 lindwurms (Lair:5)
  13 ugly things
  An orc sorcerer (Orc:2)
  3 cyclopes
  5 kobold blastminers
  A worldbinder (Abyss:3)
  7 manticores
  16 elephants
  An ice statue (Lair:2)
  4 orange demons
  A water nymph (Lair:3)
  5 black mambas
  An eye of devastation (Abyss:3)
  6 torpor snails
  A smoke demon (Abyss:3)
  An unseen horror (Abyss:2)
  An apocalypse crab (Abyss:3)
  16 cane toads
  4 rime drakes
  Maggie (D:9)
  An efreet (Abyss:3)
  A hellion (Abyss:3)
  A kobold demonologist (D:11)
  12 komodo dragons
  3 freezing wraiths
  A harpy zombie (Abyss:2)
  10 trolls
  3 ancient zymes
  2 queen bees
  4 polar bears
  3 tyrant leeches (Lair:5)
  7 hornets
  5 dream sheep (Lair:5)
  A raiju (Abyss:3)
  8 blink frogs (Lair:2)
  A centaur simulacrum (Abyss:2)
  2 shadows
  3 slime creatures (D:15)
  An air elemental (Elf:1)
  2 water elementals (Elf:3)
  6 wyverns
  A ynoxinul (Abyss:3)
  61 yaks
  6 basilisks
  3 humans (D:14)
  Grum (D:10)
  5 fire elementals
  11 wargs
  A steam dragon (D:5)
  9 vampire mosquitoes
  Menkaure (D:6)
  A chaos spawn (Abyss:3)
  2 nagas
  An acid dragon (D:6)
  7 water moccasins
  2 hell hounds
  25 orc warriors
  An ice beast (D:8)
  2 black bears
  18 ogres
  7 laughing skulls
  A sky beast (Abyss:3)
  An ogre (shapeshifter) (Elf:3)
  18 wolves
  14 centaurs
  3 kobold brigands
  2 gnoll sergeants
  4 earth elementals
  10 bullfrogs
  11 scorpions
  2 small abominations
  9 wights
  32 killer bees
  5 howler monkeys
  A crimson imp (D:5)
  A quasit (Abyss:3)
  3 hounds
  2 jellies
  2 gnoll boudas
  30 orc priests
  2 iron imps (Abyss:3)
  16 starcursed masses
  4 iguanas
  Ijyb (D:5)
  7 hell rats (Lair:4)
  4 scorpion zombies (Ossuary)
  A sleepcap (D:6)
  13 orc wizards
  3 mummies (Ossuary)
  15 gnolls
  8 adders
  A river rat (Sewer)
  A white imp (D:7)
  4 ufetubi
  A dart slug (D:5)
  3 ribbon worms
  96 orcs
  4 endoplasms
  7 giant cockroaches
  3 gnoll zombies (Ossuary)
  8 hobgoblins
  7 quokkas
  3 ball pythons
  13 bats
  3 frilled lizards
  7 goblins
  5 jackal zombies (Ossuary)
  14 kobolds
  5 kobold zombies (Ossuary)
  7 rats
  2 starspawn tentacles (Abyss:2)
980 creatures vanquished.

Vanquished Creatures (others)
  An angel (D:7)
  A deep elf knight (Elf:3)
  A deep elf zephyrmancer (Elf:3)
  A raiju (Abyss:3)
  An orc (Orc:2)
  10 starspawn tentacles
15 creatures vanquished.

Grand Total: 995 creatures vanquished

Notes
Turn   | Place    | Note
-------+----------+-------------------------------------------
     0 | D:1      | SnakkuSnakku7 the Ghoul Summoner began the quest for the
                  | Orb.
     0 | D:1      | Reached XP level 1. HP: 14/14 MP: 3/3
   143 | D:1      | Reached skill level 1 in Fighting
   143 | D:1      | Reached skill level 1 in Unarmed Combat
   143 | D:1      | Reached XP level 2. HP: 9/23 MP: 4/4
   450 | D:1      | Found a faded altar of an unknown god.
   549 | D:2      | Reached XP level 3. HP: 18/29 MP: 5/5
   787 | D:2      | Identified the ring of the Good {Str+6 Stlth+}
   834 | D:2      | Found Kufui's Armour Boutique.
   839 | D:2      | Bought a +0 helmet for 49 gold pieces
   996 | D:2      | Reached XP level 4. HP: 37/37 MP: 6/6
  1440 | D:3      | Reached XP level 5. HP: 14/45 MP: 7/7
  1653 | D:3      | You fall into a shaft and drop 3 floors!
  1686 | D:6      | Noticed Menkaure
  1686 | D:6      | Found a sand-covered staircase.
  1702 | Ossuary  | Entered an ossuary
  1735 | Ossuary  | Reached XP level 6. HP: 44/52 MP: 8/8
  1982 | Ossuary  | Reached skill level 5 in Fighting
  1982 | Ossuary  | Reached skill level 5 in Unarmed Combat
  1986 | Ossuary  | Reached XP level 7. HP: 29/61 MP: 9/9
  2152 | D:5      | Entered Level 5 of the Dungeon
  2159 | D:5      | Found a staircase to the Ecumenical Temple.
  2187 | Temple   | Entered the Ecumenical Temple
  2195 | Temple   | Became a worshipper of Uskayaw the Reveller
  2274 | D:4      | Found a glowing drain.
  2282 | D:4      | Reached * piety under Uskayaw
  2287 | Sewer    | Entered a sewer
  2295 | Sewer    | Reached ** piety under Uskayaw
  2368 | Sewer    | Reached *** piety under Uskayaw
  2373 | Sewer    | Reached **** piety under Uskayaw
  2934 | D:2      | Bought a +1 pair of gloves for 126 gold pieces
  2934 | D:2      | Bought a +0 buckler for 49 gold pieces
  3671 | D:5      | Reached XP level 8. HP: 56/68 MP: 10/10
  3685 | D:5      | Reached ***** piety under Uskayaw
  3758 | D:5      | Noticed Ijyb
  3768 | D:5      | Killed Ijyb
  3773 | D:5      | Found a shimmering blue altar of Sif Muna.
  3779 | D:5      | Found a sacrificial altar of Ru.
  3782 | D:5      | Found an opulent altar of Gozag.
  4144 | D:5      | Found a radiant altar of Vehumet.
  4145 | D:5      | Found a burning altar of Makhleb.
  4358 | D:6      | Killed Menkaure
  4359 | D:6      | Reached skill level 1 in Shields
  4431 | D:6      | Reached skill level 10 in Unarmed Combat
  4992 | D:6      | Identified the +1 leather armour of the Poles {Int+4}
  5111 | D:7      | Reached XP level 9. HP: 74/74 MP: 11/11
  5190 | D:7      | Noticed a komodo dragon
  5205 | D:7      | Killed a komodo dragon
  5311 | D:7      | Found Rinol's General Store.
  5312 | D:7      | Found Fosacam's Jewellery Shoppe.
  5328 | D:7      | Bought a potion of heal wounds for 70 gold pieces
  5542 | D:7      | Found a shimmering altar of Xom.
  5542 | D:7      | Noticed an angel
  5668 | D:7      | Killed an angel
  5927 | D:8      | Reached skill level 5 in Shields
  6038 | D:8      | Reached XP level 10. HP: 44/81 MP: 12/12
  6524 | D:9      | Found a staircase to the Lair.
  6653 | D:9      | Noticed Maggie
  6662 | D:9      | Killed Maggie
  6945 | D:9      | Noticed a two-headed ogre
  6952 | D:9      | Killed a two-headed ogre
  6953 | D:9      | Reached skill level 15 in Unarmed Combat
  7274 | D:10     | Entered Level 10 of the Dungeon
  7330 | D:10     | Identified the +1 robe of Xukelon {Rampage +Blink rF-
                  | Str+6}
  7358 | D:10     | Reached skill level 1 in Invocations
  7445 | D:10     | Reached XP level 11. HP: 83/86 MP: 14/14
  7498 | D:10     | Reached skill level 5 in Invocations
  7789 | D:10     | Noticed a two-headed ogre
  7800 | D:10     | Killed a two-headed ogre
  8023 | D:10     | Noticed Grum
  8045 | D:10     | Killed Grum
  8158 | Lair:1   | Entered Level 1 of the Lair of Beasts
  8226 | Lair:1   | Noticed Nergalle
  8233 | Lair:1   | Noticed a spectral orc warlord
  8513 | Lair:1   | Killed Nergalle
  8549 | Lair:1   | Noticed an oklob plant
  8643 | Lair:1   | Reached ****** piety under Uskayaw
  8653 | Lair:1   | HP: 4/86 [elephant (8)]
  8862 | Lair:1   | Reached skill level 10 in Invocations
  9307 | Lair:1   | Reached XP level 12. HP: 44/94 MP: 20/20
 10382 | Lair:2   | Noticed a skyshark
 10397 | Lair:2   | Killed a skyshark
 10517 | Lair:2   | Noticed a six-headed hydra
 10536 | Lair:2   | Killed a six-headed hydra
 10701 | Lair:2   | Reached skill level 10 in Fighting
 11007 | Lair:2   | Reached XP level 13. HP: 52/117 MP: 22/22
 11014 | Lair:2   | Reached skill level 1 in Armour
 11133 | Lair:2   | Found a transporter.
 11135 | Lair:2   | Noticed Dekkoka's ghost (journeyman HOEE)
 11165 | Lair:2   | Found a transporter.
 11573 | Lair:3   | Noticed Fannar
 11615 | Lair:3   | Reached skill level 5 in Armour
 11626 | Lair:3   | Killed Fannar
 11662 | Lair:3   | Found a staircase to the Snake Pit.
 12884 | Lair:4   | Reached XP level 14. HP: 126/126 MP: 23/23
 13075 | Lair:4   | Identified the +1 leather armour "Neotteto" {rPois rC+
                  | Str+4}
 13086 | Lair:4   | Reached skill level 10 in Armour
 13209 | Lair:5   | Entered Level 5 of the Lair of Beasts
 13372 | Lair:5   | Reached skill level 5 in Dodging
 13969 | Lair:5   | Found a staircase to the Slime Pits.
 13970 | Lair:5   | Found a viscous altar of Jiyva.
 14505 | Lair:2   | Killed Dekkoka's ghost
 14574 | Lair:2   | Identified the +5 scale mail of Macaroni {Stlth+}
 14763 | D:11     | Noticed Sonja
 14765 | D:11     | Killed Sonja
 14778 | D:11     | Found a staircase to the Orcish Mines.
 15222 | D:11     | Found Mafaqi's Jewellery Boutique.
 16238 | Orc:1    | Entered Level 1 of the Orcish Mines
 16270 | Orc:1    | Reached skill level 10 in Dodging
 16588 | Orc:1    | Reached XP level 15. HP: 130/132 MP: 24/24
 16632 | Orc:2    | Entered Level 2 of the Orcish Mines
 16649 | Orc:2    | Paralysed by an orc sorcerer for 4 turns
 17039 | Orc:2    | Found a staircase to the Elven Halls.
 17386 | Orc:2    | Found Vadoan's Assorted Antiques.
 17392 | Orc:2    | Bought a potion of heal wounds for 130 gold pieces
 17392 | Orc:2    | Bought a potion of heal wounds for 130 gold pieces
 17392 | Orc:2    | Bought a scroll of blinking for 195 gold pieces
 17559 | Orc:2    | Found Jaleukh's Antique Weapon Emporium.
 17762 | Orc:2    | Found Lunloec's Antique Weapon Shoppe.
 19140 | D:13     | Noticed Rupert
 19147 | D:13     | Paralysed by Rupert for 3 turns
 19157 | D:13     | Killed Rupert
 19460 | D:14     | Reached XP level 16. HP: 120/139 MP: 25/25
 19709 | D:14     | Found a gate to the Vaults.
 19772 | D:15     | Entered Level 15 of the Dungeon
 19782 | D:15     | Found a gate leading to a gauntlet.
 19798 | Gauntlet | Entered a Gauntlet
 19798 | Gauntlet | Found a transporter.
 19807 | Gauntlet | Found a transporter.
 19822 | Gauntlet | Found a transporter.
 19828 | Gauntlet | Found a transporter.
 19843 | Gauntlet | Found a transporter.
 19862 | Gauntlet | Found a transporter.
 19874 | Gauntlet | Found a transporter.
 19886 | Gauntlet | Found a transporter.
 19898 | Gauntlet | Found a transporter.
 19910 | Gauntlet | Found a transporter.
 19927 | Gauntlet | Found a transporter.
 19944 | Gauntlet | Found a transporter.
 19946 | Gauntlet | Found a transporter.
 19971 | Gauntlet | Found a transporter.
 19971 | Gauntlet | Found the +2 hood of the Assassin {Detect Stab+ Stlth++}
 19973 | Gauntlet | Found a transporter.
 19988 | Gauntlet | Found a transporter.
 19988 | Gauntlet | Found a transporter.
 20042 | Gauntlet | Found a transporter.
 20088 | Gauntlet | Identified the +1 pair of boots of the Dungeon {rElec rN+++
                  | Will- Slay+6}
 20140 | Gauntlet | HP: 5/139 [balrug/+2 demon whip of pain (10)]
 20140 | Gauntlet | HP: 1/139 [hell hound (4)]
 20251 | Gauntlet | Identified the +1 pair of boots of the Turtledove {rPois
                  | rN+ Int-4 Stlth+}
 20483 | D:15     | Found Geusal's Antique Weapon Shop.
 20849 | D:15     | Found a staircase to the Depths.
 21172 | Elf:1    | Entered Level 1 of the Elven Halls
 21352 | Elf:1    | Identified the +6 mace of Watchfulness {pain, rElec Will+
                  | Int+4}
 21892 | Elf:1    | Found a radiant altar of Vehumet.
 21904 | Elf:1    | Reached skill level 15 in Invocations
 22122 | Elf:1    | Found Kurow's Magic Scroll Boutique.
 22125 | Elf:1    | Bought a scroll of fear for 64 gold pieces
 22125 | Elf:1    | Bought a scroll of vulnerability for 64 gold pieces
 22625 | Elf:2    | Reached XP level 17. HP: 146/146 MP: 28/28
 22650 | Elf:2    | Noticed Jorgrun
 22678 | Elf:2    | Killed Jorgrun
 22879 | Elf:2    | Found a runed translucent gate.
 22880 | Elf:2    | Found a runed translucent gate.
 22880 | Elf:2    | Found a runed translucent gate.
 23097 | Elf:3    | Entered Level 3 of the Elven Halls
 23245 | Elf:3    | Noticed a Tzitzimitl
 23292 | Elf:2    | Found a shimmering blue altar of Sif Muna.
 23315 | Elf:3    | Noticed an Ice Fiend
 23376 | Elf:3    | Noticed a deep elf master archer
 23396 | Elf:3    | Killed a deep elf master archer
 23584 | Elf:3    | Found Beecue's Assorted Antiques.
 23754 | Elf:3    | Identified the +6 broad axe "SnakkuSnakku7's Doom" {speed,
                  | Dex+4}
 23754 | Elf:3    | Identified the ring "Ikesuf" {Ice rElec Str-5 Int+6 SInv}
 23773 | Elf:3    | Noticed a deep elf blademaster
 23775 | Elf:3    | Killed a deep elf blademaster
 23780 | Elf:3    | Noticed a deep elf master archer
 23788 | Elf:3    | Killed a deep elf master archer
 23809 | Abyss:2  | Cast into level 2 of the Abyss (a deep elf demonologist)
 23837 | Abyss:2  | Noticed a lich
 23844 | Abyss:2  | Killed a lich
 23900 | Abyss:2  | Noticed a tentacled starspawn
 23916 | Abyss:2  | Killed a tentacled starspawn
 23982 | Abyss:2  | Noticed a bone dragon
 23989 | Elf:3    | Escaped the Abyss
 24172 | Elf:3    | Found a radiant altar of Vehumet.
 24174 | Elf:3    | Noticed a sphinx
 24175 | Elf:3    | Noticed a sphinx
 24183 | Elf:3    | Noticed a sphinx
 24186 | Elf:3    | Killed a sphinx
 24202 | Elf:3    | Killed a sphinx
 24203 | Elf:3    | Reached XP level 18. HP: 78/154 MP: 31/31
 24486 | Elf:3    | Identified the ring "Leaplein" {rElec Str+3 Int+3 SInv}
 24615 | Elf:3    | Identified the staff of Ragnarok {+Blink rC+ rN+ Necro}
 24615 | Abyss:3  | Cast into level 3 of the Abyss (a deep elf demonologist)
 24831 | Abyss:3  | Noticed a hellephant
 24835 | Abyss:3  | Found a corrupted altar of Lugonu.
 24971 | Abyss:3  | Found a corrupted altar of Lugonu.
 25022 | Abyss:3  | Found a corrupted altar of Lugonu.
 25022 | Abyss:3  | Found a corrupted altar of Lugonu.
 25146 | Elf:3    | Escaped the Abyss
 25270 | Elf:3    | Identified the +4 sling of the Bedazzling Boar {drain,
                  | rPois rC+}
 25447 | Elf:3    | Identified the amulet "Xuriew" {RegenMP rElec rCorr MP+9
                  | Int+5}
 25507 | Elf:3    | Got the Directory of the Oath and Confrontation
 25547 | Elf:3    | Identified the +4 sling of Bursted Fortitude {heavy, ^Drain
                  | rN++ Str+2 SInv}
 26037 | Elf:2    | Reached skill level 15 in Fighting
 26560 | Elf:3    | Identified the +0 leather armour of the Chimera {rF+}
 26602 | Elf:3    | Shot with an arrow by a deep elf archer

Illustrated notes

Levels and vault maps discovered:
D:1:      tarquinn_simple_flora_water_a, layout_rooms,
          hellmonk_ecumenical_altar_crossroads, minmay_statues_item
D:2:      layout_rooms, serial_shops, nicolae_shop_just_a_little_nook
D:3:      layout_basic, kennysheep_crisscross
D:4:      layout_basic, portal_sewer_entry_f, dreamdust_wishing_well
D:5:      layout_gridville, grunt_temple_overflow_lords_of_destruction,
          grunt_temple_overflow_cloverleaf, minmay_temple_entry_grid, uniq_ijyb
D:6:      nicolae_BIG_FREAKIN_CUBE, layout_basic, enter_ossuary_1, uniq_menkaure
D:7:      layout_gridville, grunt_temple_overflow_order_and_chaos_1,
          nicolae_wooded_promenade
D:8:      layout_rooms
D:9:      layout_long_grid, david_lair_shrubbed, uniq_maggie
D:10:     layout_gridville, uniq_grum
D:11:     layout_stronghold, minmay_orc_entry_temple_small, serial_shops,
          nicolae_shop_window_shopping, uniq_sonja
D:12:     layout_irregular_city
D:13:     minmay_wizard_corner, layout_basic, minmay_statue_bubble, uniq_rupert
D:14:     layout_rooms, hellmonk_vaults_keyhole, infiniplex_staircase_pillars_2
D:15:     grunt_enter_depths_hoard, layout_loops_ring, minmay_misc_feat_columns,
          gauntlet_entry_generic, serial_shops, shop
Temple:   nicolae_temple_two_arcs
Lair:1:   layout_roguey [special_room_bee], minmay_lair_oklob_bushes,
          uniq_nergalle
Lair:2:   layout_chaotic_city, nzn_ghost_randoct
Lair:3:   layout_gridlike, nicolae_shoals_entry_flooding,
          guppyfry_snake_entry_garden, uniq_amaemon, uniq_fannar
Lair:4:   layout_cave_shapes, beast_lair_carwin_6
Lair:5:   wormcave, layout_loops_ring, slime_entry_1, serial_bayou_shore_b
Orc:1:    layout_caves, special_room [special_room_orc], roderic_batcave,
          nicolae_orc_takin'_care_of_business
Orc:2:    st_orc_town, layout_caves, einodemon_barbed_minivault
Elf:1:    elf_arrival_002, layout_loops_corners, serial_shops,
          nicolae_shop_rolled_up, basic_altar, nicolae_elf_blasts_and_bolts
Elf:2:    nicolae_elf_blades_crystal_corner, layout_geoelf_octagon,
          lemuel_upstairs_altar, uniq_jorgrun
Elf:3:    minmay_elf_hall_not_hex, layout_loops_cross, basic_altar, special_room
          [special_room_mythical_zoo], serial_shops, shop, st_stairs_4

Skill      XL: |  1  2  3  4  5  6  7  8  9 10 11 12 13 14 15 16 17 18 |
---------------+-------------------------------------------------------+-----
Fighting       | 1 2 3 4 5 11 12 15 | 15.9
Unarmed Combat | 1 2 3 4 5 7 10 12 15 19 20 | 20.0
Shields        | 2 5 |  5.0
Invocations    | 4 11 12 15 19 20 | 20.0
Armour         | 9 10 | 10.0
Dodging        | 10 | 10.0
Stealth        | |  2.1
Spellcasting   | |  1.7
Summonings     | |  3.6

Action                     |  1- 3 |  4- 6 |  7- 9 | 10-12 | 13-15 | 16-18 || total
---------------------------+-------+-------+-------+-------+-------+-------++-------
  Melee: Unarmed           |   136 |   220 |   324 |   518 |  1357 |  1009 ||  3564
         Punch             |     2 |     3 |    20 |    16 |       |       ||    41
  Throw: Dart              |       |       |       |     2 |       |       ||     2
  Evoke: Wand              |       |       |       |       |     7 |     5 ||    12
         Lightning rod     |       |       |       |       |       |     4 ||     4
    Use: Scroll            |       |       |     9 |    19 |     7 |    13 ||    48
         Potion            |       |       |       |     2 |       |     9 ||    11
   Stab: Sleeping          |     1 |     1 |     9 |     5 |     1 |       ||    17
         Paralysed         |       |       |    12 |    39 |   121 |    59 ||   231
 Armour: Robe              |    76 |       |       |       |       |       ||    76
         Ring mail         |     7 |   131 |   210 |   486 |   387 |       ||  1221
         Scale mail        |       |       |       |       |   285 |       ||   285
         Chain mail        |       |       |       |       |   107 |   749 ||   856
  Dodge: Dodged            |    82 |   138 |   157 |   277 |   848 |   464 ||  1966
  Block: Buckler           |       |       |       |    54 |   234 |   143 ||   431
